 Dungeon Crawl Stone Soup version 0.18-a0-1123-gbd92598 (webtiles) character file.

418 truemonolith the Thaumaturge (level 6, -8/32 HPs)
             Began as a Deep Elf Conjurer on Jan 19, 2016.
             Was an Initiate of Vehumet.
             Killed from afar by an orc wizard (10 damage)
             ... with a puff of flame
             ... on level 4 of the Dungeon.
             The game lasted 00:11:32 (4618 turns).

truemonolith the Thaumaturge (Deep Elf Conjurer)    Turns: 4618, Time: 00:11:32

Health: -8/32      AC:  4    Str:  5    XL:     6   Next: 61%
Magic:  5/19       EV: 13    Int: 27    God:    Vehumet [......]
Gold:   267        SH:  0    Dex: 17    Spells: 4 memorised, 8 levels left

rFire  . . .     SeeInvis .     (no weapon)
rCold  . . .     Gourm    .     a - +0 robe
rNeg   . . .     Faith    .     (no shield)
rPois  .         Spirit   .     (no helmet)
rElec  .         Dismiss  .     (no cloak)
rCorr  .         Reflect  .     (no gloves)
SustAt .         Harm     .     r - +1 pair of boots
MR     .....                    (no amulet)
Stlth  ++........               (no ring)
                                m - +2 ring of dexterity

@: brilliant, not resistant to hostile enchantments, unstealthy
A: no striking features
a: Renounce Religion


You were on level 4 of the Dungeon.
You worshipped Vehumet.
Vehumet was noncommittal.
You were not hungry.

You visited 1 branch of the dungeon, and saw 4 of its levels.

You collected 267 gold pieces.

Inventory:

Armour
 a - a +0 robe (worn)
 r - a +1 pair of boots (worn)
Jewellery
 d - an uncursed ring of resist corrosion
 k - an uncursed ring of protection from fire {unknown}
 m - a +2 ring of dexterity (left hand)
 s - a cursed ring of teleportation {unknown}
Wands
 e - a wand of polymorph (9/24)
 u - a wand of digging (11/24)
 w - a wand of frost (15/48)
Scrolls
 f - a scroll of blinking {unknown}
 g - 3 scrolls of remove curse
 o - 4 scrolls of enchant armour {unknown}
 p - 2 scrolls of teleportation {unknown}
 t - a scroll of recharging
 v - a scroll of amnesia
 x - a scroll of immolation {unknown}
Potions
 h - a potion of flight
 i - a potion of agility {unknown}
 j - a potion of haste {unknown}
 l - 3 potions of brilliance
 q - 2 potions of curing {unknown}
Books
 b - a book of Conjurations

   Spells                             Type                      Level
   a - Magic Dart                     Conjuration                  1
   b - Searing Ray                    Conjuration                  2
   c - Dazzling Spray                 Conjuration/Hexes            3
   d - Fulminant Prism                Conjuration/Hexes            4
   e - Iskenderun's Mystic Blast      Conjuration                  4
   f - Iskenderun's Battlesphere      Conjuration/Charms           5
Comestibles
 c - 2 bread rations
 n - 6 fruits


   Skills:
 - Level 2.4 Dodging
 - Level 2.4 Stealth
 - Level 8.1 Spellcasting
 + Level 6.0 Conjurations


You had 8 spell levels left.
You knew the following spells:

 Your Spells              Type           Power        Failure   Level  Hunger
a - Magic Dart            Conj           ####         1%          1    None
b - Dazzling Spray        Conj/Hex       #####...     1%          3    None
c - Iskenderun's Battles  Conj/Chrm      #####...     5%          5    ####...
d - Iskenderun's Mystic   Conj           ######..     1%          4    ##.....


Dungeon Overview and Level Annotations

Branches:
Dungeon (4/15)
 Temple: D:4-7

Altars:
Kikubaaqudgha
Pakellas
Vehumet


Message History

A magic dart appears from out of thin air!
The magic dart hits you!
* * * LOW HITPOINT WARNING * * *
You hear some strange, mumbled words.
A puff of flame appears from out of thin air!
The puff of flame misses you.
Casting: Magic Dart
Confirm with . or Enter, or press ? or * to list all spells.
You don't know that spell.
Casting: Magic Dart
Confirm with . or Enter, or press ? or * to list all spells.
You can't see any susceptible monsters within range! (Use Z to cast anyway.)
Casting: Magic Dart
Confirm with . or Enter, or press ? or * to list all spells.
Aiming: Iskenderun's Mystic Blast
Press: ? - help, Shift-Dir - straight line You hear some strange, mumbled words.
A puff of flame appears from out of thin air!
The puff of flame hits you!
You die...

o....o.........
#o............$.#
.##..o..........
.......# # ..))..#
........#.. .
.....##...........# ..
..................
#.###...# #........#.#
#....@).# #..........
###....####.........#
###....###..........##
#...#.................
#...#...##.#.........###
#...###.....#.........#
#...
#.[...)..).....#####
#..#
#..#####).....[<....
#...
##..........>...####


There were no monsters in sight!

Vanquished Creatures
  A phantom (D:4)
  A centaur zombie (D:4)
  The ghost of Azzok the Conjurer, a weakling DECj (D:3)
  An orc priest (D:3)
  A centaur skeleton (D:4)
  A hound skeleton (D:4)
  A worker ant zombie (D:3)
  6 adders
  3 gnolls (D:4)
  2 adder skeletons (D:4)
  5 giant geckos
  15 orcs
  5 giant cockroaches
  7 hobgoblins
  2 quokkas
  8 bats
  2 giant newts
  5 goblins
  10 kobolds
  7 rats
84 creatures vanquished.

Vanquished Creatures (others)
  A fire dragon (D:3)
  3 orcs (D:3)
  A goblin (D:4)
  3 hobgoblins (D:4)
  A bush (D:3)
9 creatures vanquished.

Grand Total: 93 creatures vanquished

Notes
Turn   | Place    | Note
--------------------------------------------------------------
     0 | D:1      | truemonolith the Deep Elf Conjurer began the quest for the Orb.
     0 | D:1      | Reached XP level 1. HP: 10/10 MP: 6/6
   395 | D:1      | Reached XP level 2. HP: 15/15 MP: 5/8
   993 | D:2      | Found an ancient bone altar of Kikubaaqudgha.
  1089 | D:2      | Reached XP level 3. HP: 19/19 MP: 6/11
  1147 | D:2      | Reached skill level 5 in Spellcasting
  1826 | D:3      | Learned a level 3 spell: Dazzling Spray
  1881 | D:3      | Reached skill level 6 in Spellcasting
  1881 | D:3      | Reached XP level 4. HP: 13/24 MP: 3/14
  2154 | D:3      | Noticed an ice beast
  2384 | D:3      | Noticed Azzok's ghost (weakling DECj)
  2396 | D:3      | Killed Azzok's ghost
  2396 | D:3      | Reached skill level 7 in Spellcasting
  2396 | D:3      | Reached XP level 5. HP: 24/28 MP: 8/16
  2645 | D:3      | Found an oddly glowing altar of Pakellas.
  2646 | D:3      | Noticed a fire dragon
  2656 | D:3      | Killed a fire dragon
  3549 | D:4      | Reached skill level 8 in Spellcasting
  3855 | D:4      | Noticed a phantom
  4115 | D:4      | Killed a phantom
  4115 | D:4      | Reached skill level 5 in Conjurations
  4115 | D:4      | Reached XP level 6. HP: 32/32 MP: 8/19
  4306 | D:4      | Found a radiant altar of Vehumet.
  4315 | D:4      | Became a worshipper of Vehumet
  4580 | D:4      | Learned a level 5 spell: Iskenderun's Battlesphere
  4585 | D:4      | Learned a level 4 spell: Iskenderun's Mystic Blast
  4618 | D:4      | Killed from afar by an orc wizard

Vault maps used:
D:1:      co_arrival_square_in_a_square_in_a_square
D:2:      nicolae_overflow_crystal_walls, first_bread
D:3:      gammafunk_pakellas_spire_experiment
D:4:      nicolae_overflow_hidden_temple, gammafunk_temple_overflow_pools,
          lemuel_temple_firewalk, grunt_decor_mini_mirrors, corexii_shack,
          vehumet_altar_wand_db, uniq_robin

Action                   |  1- 3 |  4- 6 || total
-------------------------+-------+-------++-------
 Cast: Magic Dart        |    76 |   155 ||   231
       Dazzling Spray    |       |    11 ||    11
       Iskenderun's Myst |       |     1 ||     1
  Use: Scroll            |     6 |       ||     6
       Potion            |       |     2 ||     2
  Eat: Chunk             |     2 |       ||     2
       Bread ration      |     1 |       ||     1
       Meat ration       |       |     1 ||     1
